 Dungeon Crawl Stone Soup version 0.30.0-5-g1a98f26d00 (webtiles) character file.

Game seed: 3875379171110635754

15 qwertyone the Conjurer (level 2, 0/20 HPs)
             Began as a Draconian Conjurer on May 10, 2023.
             Slain by an adder (1 damage)
             ... on level 2 of the Dungeon.
             The game lasted 00:03:09 (947 turns).

qwertyone the Conjurer (Draconian Conjurer)          Turns: 947, Time: 00:03:09

Health: 0/20       AC:  5    Str:  9    XL:     2   Next: 34%
Magic:  0/5        EV: 12    Int: 18    God:
Gold:   31         SH:  0    Dex:  9    Spells: 4/5 levels left

rFire   . . .        e - staff of conjuration
rCold   . . .        (no shield)
rNeg    . . .        (body armour unavailable)
rPois   .            (helmet restricted)
rElec   .            b - +0 cloak {rCorr}
rCorr   +            (no gloves)
SInv    .            (no boots)
Will    .....        (no amulet)
Stlth   ++           (no ring)
HPRegen 0.23/turn    (no ring)
MPRegen 0.09/turn

%: no passive effects
@: brilliant, lethally poisoned (0 -> -3), flying (expiring)
A: AC +4, unfitting armour, cold-blooded
a: no special abilities


You were on level 2 of the Dungeon.
You visited 1 branch of the dungeon, and saw 2 of its levels.

You collected 31 gold pieces.

Inventory:

Missiles
 c - a throwing net
 d - 6 poisoned darts
Armour
 b - a +0 cloak of preservation (worn)
Magical Staves
 e - a staff of conjuration (weapon)
Potions
 a - a potion of magic


   Skills:
 + Level 1.7 Dodging
 + Level 1.8 Stealth
 + Level 0.4 Unarmed Combat
 + Level 2.1 Spellcasting
 + Level 4.4 Conjurations


You had 4 spell levels left.
You knew the following spells:

 Your Spells              Type           Power      Damage    Failure   Level
a - Magic Dart            Conj           100%       1d8       3%          1

Your spell library contained the following spells:

 Spells                   Type           Power      Damage    Failure   Level
 Searing Ray              Conj           80%        2d7       4%          2
 Dazzling Flash           Conj/Hex       44%        N/A       22%         3
 Fulminant Prism          Conj/Hex       11%        3d9       56%         4
 Iskenderun's Mystic Bla  Conj/Tloc      22%        2d6       56%         4


Dungeon Overview and Level Annotations

Branches:
Dungeon (2/15)

Altars:

Shops:
D:1 =


Innate Abilities, Weirdness & Mutations

Your plain brown scales are hard. (AC +4)
You cannot fit into any form of body armour.
You are cold-blooded and may be slowed by cold attacks.


Message History

The adder bites you but does no damage. The quokka bites you.
You barely miss the quokka.
Your tail-slap misses the quokka.
The quokka is heavily wounded.
You are starting to lose your buoyancy.
The adder bites you.
You are poisoned.
The adder poisons you! The quokka closely misses you.
The quokka bites you but does no damage.
The adder misses you.
Aiming: Magic Dart (safe; 3% risk of failure)
Press: ? - help, Q - select action, (/) - cycle Shift-Dir - straight line, f/p - quokka
Aim: a quokka (heavily wounded, 100% to hit)
You feel a surge of power!
The magic dart hits the quokka.
You kill the quokka!
You feel sick. The adder bites you.
You are lethally poisoned!
The adder poisons you!
Aiming: Magic Dart (safe; 3% risk of failure)
Press: ? - help, Q - select action, (/) - cycle Shift-Dir - straight line, f - adder
Aim: an adder (100% to hit)
You feel a surge of power!
The magic dart hits the adder.
The adder is lightly wounded.
You feel sick.
The adder bites you but does no damage. x2
You feel clever all of a sudden.
* * * LOW HITPOINT WARNING * * *
You feel sick. The adder bites you.
* * * LOW HITPOINT WARNING * * *
Aiming: Magic Dart (safe; 3% risk of failure)
Press: ? - help, Q - select action, (/) - cycle Shift-Dir - straight line, f/p - adder
Aim: an adder (lightly wounded, 100% to hit)
You feel a strong surge of power!
The magic dart hits the adder.
The adder is moderately wounded.
* * * LOW HITPOINT WARNING * * *
You feel sick. The adder closely misses you.
You aren't carrying any scrolls.
You miss the adder.
The adder is moderately wounded.
* * * LOW HITPOINT WARNING * * *
You feel sick. The adder bites you.
You die...

## .## .
..#+####### ....
#.........# ....
.........#
.....##.......[#
.....#...S.<.).#
........@#
........###.#
##..........#
####.#.#####
...#.....# ###
#.###.# #.#
.#######<#
.........#


You could see an adder.

Vanquished Creatures
  3 ball pythons (D:1)
  A giant cockroach (D:1)
  A hobgoblin (D:1)
  2 jackals (D:1)
  3 quokkas
  A bat (D:1)
  A frilled lizard (D:1)
  A rat (D:1)
13 creatures vanquished.

Notes
Turn   | Place    | Note
-------+----------+-------------------------------------------
     0 | D:1      | qwertyone the Draconian Conjurer began the quest for the
                  | Orb.
     0 | D:1      | Reached XP level 1. HP: 14/14 MP: 3/3
    38 | D:1      | Found Yxanip's Jewellery Boutique.
   269 | D:1      | Reached XP level 2. HP: 11/20 MP: 0/5
   880 | D:1      | Identified a scroll of acquirement
   880 | D:1      | Acquired a staff of conjuration
   947 | D:2      | HP: 1/20 [poisoned by an adder]
   947 | D:2      | Slain by an adder

Illustrated notes

Levels and vault maps discovered:
D:1:      dpeg_arrival_lava_temple_mockup, layout_loops_ring, serial_shops,
          shop, palyth_stone_intersect, minmay_strange_pillars, minmay_ruptured
D:2:      layout_basic

Action                     || total
---------------------------++-------
  Melee: Unarmed           ||    54
         Tailslap          ||     4
         Staff             ||     8
   Cast: Magic Dart        ||    23
    Use: Scroll            ||     6
         Potion            ||     2
 Armour: Skin              ||    28
  Dodge: Dodged            ||    61
